 Dungeon Crawl Stone Soup version 0.28.0-53-g5a82cb258f (webtiles) character file.

Game seed: 6221403865829015644

58 Revguard the Ducker (level 3, 0/28 HPs)
             Began as a Demonspawn Gladiator on June 28, 2022.
             Slain by a worm (8 damage)
             ... on level 2 of the Dungeon.
             The game lasted 00:01:55 (1121 turns).

Revguard the Ducker (Demonspawn Gladiator)          Turns: 1121, Time: 00:01:55

Health: 0/28       AC:  4    Str: 16    XL:     3   Next: 75%
Magic:  3/3        EV: 12    Int:  9    God:
Gold:   32         SH:  0    Dex: 14    Spells: 2/2 levels left

rFire   + . .      SeeInvis .   a - +0 long sword
rCold   + . .      Faith    .   (no shield)
rNeg    . . .      Spirit   .   g - +1 leather armour {rPois}
rPois   +          Reflect  .   (helmet restricted)
rElec   .          Harm     .   h - scarf {rC+ rF+}
rCorr   .          Rampage  .   (no gloves)
Will    .....                   (no boots)
Stlth   +.........              (no amulet)
HPRegen 0.09/turn               (no ring)
MPRegen 0.08/turn               (no ring)

@: no status effects
A: horns 1
a: no special abilities


You were on level 2 of the Dungeon.
You visited 1 branch of the dungeon, and saw 2 of its levels.

You collected 32 gold pieces.

Inventory:

Hand Weapons
 a - a +0 long sword (weapon)
Missiles
 d - 3 throwing nets (quivered)
Armour
 b - a +0 leather armour
 c - a +0 helmet
 g - a +1 leather armour of poison resistance (worn)
 h - a scarf of resistance (worn)
Scrolls
 e - 2 scrolls of teleportation {unknown}
 f - 2 scrolls of amnesia {unknown}
 j - a scroll of fog {unknown}
 k - a scroll of acquirement {unknown}
Potions
 i - a potion of attraction {unknown}
 l - a potion of curing {unknown}


   Skills:
 + Level 2.6 Fighting
 + Level 3.1 Long Blades
 - Level 1.7 Throwing
 + Level 1.3 Armour
 + Level 3.2 Dodging


You had 2 spell levels left.
You didn't know any spells.
Your spell library was empty.

Dungeon Overview and Level Annotations

Branches:
Dungeon (2/15)

Altars:


Innate Abilities, Weirdness & Mutations

You have a pair of small horns on your head.


Message History

Jessica is moderately wounded.
Jessica hits you with a +3 dagger.
You slash Jessica!
You kill Jessica!
l - an emerald potion
Things that are here:
a +3 dagger; a +2 robe of cold resistance; the human corpse of Jessica An endoplasm comes into view.
The endoplasm quivers.
Found 10 gold pieces.
The endoplasm hits you but does no damage.
You barely miss the endoplasm. The endoplasm misses you.
The endoplasm freezes you.
You are frozen.
You resist.
You hit the endoplasm.
The endoplasm is almost dead.
The endoplasm freezes you.
You are frozen.
You resist.
You hit the endoplasm.
You kill the endoplasm!
A worm comes into view.
You hit the worm.
The worm is lightly wounded.
The worm misses you.
You hit the worm. Your headbutt misses the worm.
The worm is lightly wounded.
The worm barely misses you.
You hit the worm.
The worm is lightly wounded.
You barely miss the worm.
The worm is lightly wounded.
The worm bites you!
You hit the worm. You headbutt the worm.
The worm is heavily wounded.
The worm bites you!
* * * LOW HITPOINT WARNING * * *
You hit the worm.
The worm is severely wounded.
The worm bites you!
You die...

##.####..###.#.#.#
...).....# #.##.#######
##.####.##
##.#........# #.# #.#
#.......$...#
#.####†####..#..####...
#......(.....#..# ##
######.####.##..#
#######.####.##..#
..............#.@#
#######.####....w# #.#
#.##..# #.# #. #... #
#.##. ..## # #... ##. #
### .. # .. #


You could see a worm.

Vanquished Creatures
  Jessica (D:2)
  An adder (D:2)
  A worm (D:2)
  A dart slug (D:2)
  3 endoplasms
  A goblin (D:1)
  2 hobgoblins (D:1)
  2 ball pythons (D:2)
  4 bats
  2 frilled lizards
  4 rats
22 creatures vanquished.

Notes
Turn   | Place    | Note
-------+----------+-------------------------------------------
     0 | D:1      | Revguard the Demonspawn Gladiator began the quest for the
                  | Orb.
     0 | D:1      | Reached XP level 1. HP: 16/16 MP: 1/1
   182 | D:1      | Gained mutation: You have a pair of small horns on your
                  | head. [demonic ancestry]
   182 | D:1      | Reached XP level 2. HP: 22/22 MP: 2/2
   803 | D:2      | Reached skill level 1 in Armour
   803 | D:2      | Reached XP level 3. HP: 28/28 MP: 3/3
   939 | D:2      | Noticed Jessica
   946 | D:2      | Killed Jessica
  1121 | D:2      | Slain by a worm

Illustrated notes

Levels and vault maps discovered:
D:1:      dpeg_arrival_tiny_i, layout_basic
D:2:      layout_loops_ring, uniq_jessica

Skill      XL: |  1  2 |
---------------+-------+-----
Dodging        | 3 |  3.2
Long Blades    | 3 |  3.1
Armour         | 1 |  1.3
Fighting       | |  2.6
Throwing       | |  1.7

Action                   || total
-------------------------++-------
Melee: Long sword        ||    60
       Punch             ||     2
       Headbutt          ||     7
 Stab: Sleeping          ||     1
Armor: Leather armour    ||    33
Dodge: Dodged            ||    48
